cohdb
Replays
Latest Replays
All Replays
Popular Replays
Top Player Replays
Match Explorer
How It Works
Community
CoH3 Stats
Reddit
Sign in to upload your games and track your stats! →
Sign in with Steam
Match 45379290
Unlisted
Match 45379290
Overview
Messages
Build Orders
End
Construct Section Command Post
Selects Canadian Shock Battlegroup
Dingo Light Scout Car
Dingo Light Scout Car
Vickers Machine Gun Team
Infantry Section
Infantry Section
Construct Platoon Command Post
Selects Incendiary Munitions
6-pounder Anti-tank Gun Team
Grenade Package
CMP 15cwt Truck
Selects Pyrotechnics
Construct Company Command Post
Matilda II Heavy Tank
Infantry Section
Matilda II Heavy Tank
Selects Churchill Crocodile Heavy Tank
Churchill Crocodile Heavy Tank
Matilda II Heavy Tank
Royal Engineer Section
Selects Attacking Spirit
Selects Canadian Shock Section
Selects Smoke Operation
那晚她才16
抖音二呆
勇爷来也
Six
Jm200092
LoCo|StetoGuy
류토
花开的时候你就来看我
0
0
Comments
sign in to comment!
No comments posted yet!